 Dungeon Crawl Stone Soup version 0.29.0-15-g675c0067aa (webtiles) character file.

Game seed: 17885948894901509552

26192 qw the Severer (level 12, -2/169 HPs)
             Began as a Minotaur Berserker on Sept 12, 2022.
             Was an Elder of Trog.
             Succumbed to barbed spike wounds
             ... on level 5 of the Lair of Beasts.
             The game lasted 00:05:47 (16815 turns).

qw the Severer (Minotaur Berserker)                Turns: 16815, Time: 00:05:48

Health: -2/169     AC: 16    Str: 25    XL:     12   Next: 96%
Magic:  11/11      EV: 10    Int:  4    God:    Trog [****..]
Gold:   472        SH:  8    Dex: 12    Spells: 11/11 levels left

rFire   + . .      SeeInvis .   n - +5 broad axe (spect)
rCold   + . .      Faith    .   g - +2 buckler
rNeg    . . .      Spirit   .   c - +2 chain mail {Will+}
rPois   .          Reflect  .   (helmet restricted)
rElec   .          Harm     .   m - scarf {rC+ rF+}
rCorr   .          Rampage  .   (no gloves)
Will    +....                   (no boots)
Stlth   ..........              (no amulet)
HPRegen 0.38/turn               d - +4 ring of protection
MPRegen 0.12/turn               l - +4 ring of slaying {mikee}

@: berserking, spiked, slow
A: horns 2, retaliatory headbutt
a: Renounce Religion, Berserk, Trog's Hand, Brothers in Arms


You were on level 5 of the Lair of Beasts.
You worshipped Trog.
Trog was greatly pleased with you.
You visited 2 branches of the dungeon, and saw 14 of its levels.

You collected 857 gold pieces.
You spent 385 gold pieces at shops.


Innate Abilities, Weirdness & Mutations

You have a pair of horns on your head.
You reflexively headbutt those who attack you in melee.


   Skills:
 + Level 12.9 Fighting
 - Level 18.0 Axes
 - Level 7.1 Throwing
 - Level 8.0 Armour
 - Level 5.1 Dodging
 - Level 8.0 Shields


You had 11 spell levels left.
You didn't know any spells.
Your spell library was empty.

Inventory:

Hand Weapons
 n - a +5 spectral broad axe (weapon)
 s - a +0 demon whip of venom
Missiles
 h - 12 boomerangs (quivered)
Armour
 c - a +2 chain mail of willpower (worn)
 g - a +2 buckler (worn)
 m - a scarf of resistance (worn)
 p - a +0 cloak
 r - a +0 plate armour
Jewellery
 d - a +4 ring of protection (left hand)
 l - a +4 ring of slaying (right hand) {mikee}
 o - a ring of protection from fire
Scrolls
 f - 6 scrolls of identify
 k - 3 scrolls of enchant armour
Potions
 b - 3 potions of might
 e - a potion of mutation
 j - 6 potions of curing
 q - 4 potions of haste

Dungeon Overview and Level Annotations

Branches:
Dungeon (9/15)             Temple (0/1) D:7            Lair (5/5) D:9
  Swamp (0/4) Lair:2        Snake (0/4) Lair:2
  Slime: Lair:4-5       Orc: D:9-12

Altars:
Cheibriados
Fedhas
Gozag
Hepliaklqana
Nemelex Xobeh
Okawaru
Sif Muna
Trog
Wu Jian
Xom
Zin
The Shining One

Shops:
D:4 [   D:7 ?   D:8 *   D:9 (

Annotations:
D:9 1 runed translucent door


Message History

Press: ? - help, Q - select action Shift-Dir - straight line, f/p - blink frog You throw a boomerang.
The boomerang hits the blink frog.
The blink frog is heavily wounded.
Your surroundings suddenly seem different.
Splash!
You fall into the shallow water.
Moving in this stuff is going to be slow.
You start resting.
A manticore is nearby!
The manticore flicks its tail.
The volley of spikes hits you!
The barbed spikes become lodged in your body.
16808 ||| READING scroll of teleportation.
As you read the scroll of teleportation, it crumbles to dust.
You feel strangely unstable.
The manticore flicks its tail.
The volley of spikes hits you.
The barbed spikes become lodged in your body.
The barbs in your skin will harm you if you move.
Continue?
The barbed spikes dig painfully into your body as you move.
The manticore flicks its tail.
The volley of spikes hits you but does no damage.
16810 ||| INVOKING Berserk.
A red film seems to cover your vision as you go berserk!
You feel yourself moving faster!
You feel mighty!
Your unstable footing causes you to fumble your attack.
The manticore bites you but does no damage.
The manticore claws you but does no damage. x2
You slash the manticore!
The manticore is moderately wounded.
Your +5 spectral broad axe hits the manticore!
Your unstable footing causes you to fumble your attack.
The manticore bites you.
The manticore claws you but does no damage.
The manticore barely misses you.
Your unstable footing causes you to fumble your attack.
Your surroundings suddenly seem different.
Splash!
The barbed spikes dig painfully into your body as you move.
You die...

..((~~~(~~~# (.~~.
#..~##~#~~~#~~ )!#~..~
#.~~##~~~¤H#~ #...(~~.~~~.~
+...~~~~~~~#~~~
#..~~#~#~~~#}~~~~
##..%##~##.#######
#####...~~(~~k~~~~~~~ ~
#........~~~~@~~~~~.~ ~~~~ ~~
##..PP.#.~~#~~##~.##~~~~~~ ~P
#..#.P..(~##~%#~~~~#~~##~~##~~
..P...P......~...~~..~...~.~...
...P..#..PP###~#.~.#####~~....
.#..###..########.#######P...
.## #..###.##.#..P....P##..#
#...##.###...!......##[## #
#............#####..#...#


You could see a wind drake (repels missiles).

Vanquished Creatures
  5 hydras
  A catoblepas (Lair:3)
  Amaemon (D:9)
  A manticore (Lair:5)
  An elephant (Lair:5)
  A black mamba (Lair:4)
  10 cane toads
  An orange demon (D:9)
  6 rime drakes
  4 komodo dragons
  A queen bee (Lair:4)
  A troll (D:6)
  3 meliai (Lair:4)
  2 wind drakes (Lair:5)
  2 hornets (Lair:5)
  Grinder (D:4)
  2 polar bears
  5 blink frogs
  A snapping turtle (Lair:5)
  15 yaks
  2 wyverns
  3 steam dragons
  A basilisk (Lair:5)
  5 nagas (Lair:2)
  6 orc warriors
  A swamp drake (Lair:2)
  13 water moccasins
  3 ice beasts
  A sky beast (D:7)
  An ogre (D:6)
  14 wolves
  5 centaurs
  2 phantoms (D:5)
  4 kobold brigands
  2 gnoll sergeants
  4 necrophages
  12 bullfrogs
  3 scorpions
  A wight (D:6)
  22 killer bees (Lair:4)
  4 howler monkeys
  3 electric eels (Lair:1)
  4 crimson imps (D:5)
  4 orc priests
  A gnoll bouda (D:6)
  2 hounds
  8 jellies
  Jessica (D:2)
  8 iguanas
  7 orc wizards
  14 gnolls
  5 adders
  2 white imps
  2 ufetubi
  2 worms
  32 orcs
  14 endoplasms
  2 giant cockroaches
  9 goblins
  6 hobgoblins
  4 jackals (D:1)
  21 kobolds
  4 quokkas
  9 ball pythons
  2 bats
  6 frilled lizards
  5 rats
  A toadstool (D:4)
351 creatures vanquished.

Vanquished Creatures (others)
  18 fungi
  44 plants
  8 toadstools (D:4)
70 creatures vanquished.

Grand Total: 421 creatures vanquished

Notes
Turn   | Place    | Note
-------+----------+-------------------------------------------
     0 | D:1      | qw the Minotaur Berserker began the quest for the Orb.
     0 | D:1      | Reached XP level 1. HP: 19/19 MP: 0/0
     0 | D:1      | 0 ||| qw: Version: 0.1-a-119-g272c26d
     0 | D:1      | 0 ||| qw: Game counter: 10779
     0 | D:1      | 0 ||| qw: Always use a shield: true
     0 | D:1      | 0 ||| qw: Do Orc after D:15 true
     0 | D:1      | 0 ||| qw: Do second Lair branch before Depths: true
     0 | D:1      | 0 ||| qw: Lair rune preference: random
     0 | D:1      | 0 ||| qw: Plans: Normal
     0 | D:1      | 0 ||| PLANNING D:1-11
   317 | D:1      | Reached skill level 4 in Axes
   342 | D:1      | Found a faded altar of an unknown god.
   372 | D:1      | Reached XP level 2. HP: 21/26 MP: 1/1
   641 | D:1      | Reached ** piety under Trog
   872 | D:1      | 872 ||| UPGRADING to +0 leather armour.
   882 | D:1      | 882 ||| DROPPING +0 animal skin.
   883 | D:1      | 883 ||| UPGRADING to +0 chain mail.
   893 | D:1      | 893 ||| DROPPING +0 leather armour.
   894 | D:1      | 894 ||| UPGRADING to +4 ring of protection.
   895 | D:1      | 895 ||| UPGRADING to ring of resist corrosion.
   896 | D:1      | 896 ||| READING scroll labelled YTOTYRREUJICK.
   897 | D:1      | 897 ||| READING scroll labelled WATHRAISHEO.
   901 | D:1      | 901 ||| DRINKING 2 purple potions.
   902 | D:1      | 902 ||| DROPPING potion of brilliance.
   911 | D:2      | Noticed Jessica
   915 | D:2      | Killed Jessica
   916 | D:2      | Reached skill level 5 in Axes
   916 | D:2      | Reached XP level 3. HP: 31/31 MP: 2/2
  1393 | D:2      | 1393 ||| Stepping ~*~*~tactically~*~*~ (stealth).
  1403 | D:2      | 1403 ||| INVOKING Berserk.
  1601 | D:2      | 1601 ||| READING scroll labelled RIPREFFUUD.
  1602 | D:2      | 1602 ||| READING 4 scrolls labelled IQICKIWAHUI.
  1603 | D:2      | 1603 ||| READING scroll labelled IGOHIT CIBLU.
  1604 | D:2      | 1604 ||| DROPPING 3 scrolls of blinking.
  1624 | D:3      | Reached skill level 6 in Axes
  1624 | D:3      | Reached XP level 4. HP: 39/39 MP: 3/3
  1783 | D:3      | Found a sparkling altar of Nemelex Xobeh.
  1874 | D:3      | Found a snail-covered altar of Cheibriados.
  2286 | D:3      | 2286 ||| SWAPPING to +0 war axe.
  2287 | D:3      | 2287 ||| DROPPING +0 hand axe.
  2288 | D:3      | 2288 ||| READING 2 scrolls labelled DEDEOC YGHUOMN.
  2289 | D:3      | 2289 ||| READING scroll labelled XISCHE ESSATAGH.
  2290 | D:3      | 2290 ||| READING scroll labelled COCHA TODO.
  2291 | D:3      | 2291 ||| READING scroll labelled JEWEAN DOEKHUWOWK.
  2292 | D:3      | 2292 ||| DRINKING 2 fuming cyan potions.
  2293 | D:3      | 2293 ||| DRINKING 2 metallic white potions.
  2294 | D:3      | 2294 ||| DRINKING 2 black potions.
  2295 | D:3      | 2295 ||| DROPPING potion of attraction.
  2296 | D:3      | 2296 ||| DROPPING scroll of poison.
  2297 | D:3      | 2297 ||| READING scroll of teleportation.
  2428 | D:4      | 2428 ||| INVOKING Berserk.
  2430 | D:4      | Reached skill level 7 in Axes
  2430 | D:4      | Reached XP level 5. HP: 45/45 MP: 4/4
  2601 | D:4      | Reached *** piety under Trog
  2622 | D:4      | 2622 ||| Stepping ~*~*~tactically~*~*~ (stealth).
  2628 | D:4      | 2628 ||| INVOKING Berserk.
  2812 | D:4      | 2812 ||| INVOKING Berserk.
  2817 | D:4      | Reached XP level 6. HP: 45/52 MP: 5/5
  2821 | D:4      | Reached skill level 8 in Axes
  2821 | D:4      | 2821 ||| FLEEEEING.
  2821 | D:4      | Found Lexaz's Armour Shop.
  2822 | D:4      | 2822 ||| FLEEEEING.
  2823 | D:4      | 2823 ||| STAIRDANCE
  2936 | D:4      | 2936 ||| STAIRDANCE
  3001 | D:4      | 3001 ||| BUYING +0 chain mail of cold resistance (149
                  | gold).
  3001 | D:4      | Bought a +0 chain mail of cold resistance for 149 gold
                  | pieces
  3001 | D:4      | 3001 ||| SHOPLISTING +0 cloak (58 gold, have 20).
  3062 | D:4      | Found a bloodstained altar of Trog.
  3102 | D:4      | Noticed Grinder
  3103 | D:4      | 3103 ||| Stepping ~*~*~tactically~*~*~ (hiding).
  3104 | D:4      | 3104 ||| Stepping ~*~*~tactically~*~*~ (hiding).
  3109 | D:4      | 3109 ||| INVOKING Trog's Hand.
  3110 | D:4      | 3110 ||| INVOKING Berserk.
  3115 | D:4      | Killed Grinder
  3116 | D:4      | Reached skill level 9 in Axes
  3318 | D:4      | Found a hazy altar of Hepliaklqana.
  3387 | D:4      | Found a blossoming altar of Fedhas.
  3393 | D:4      | 3393 ||| UPGRADING to +0 chain mail of cold resistance.
  3403 | D:4      | 3403 ||| DROPPING +0 chain mail.
  3404 | D:4      | 3404 ||| READING scroll labelled BEYDDE OGADUI.
  3405 | D:4      | 3405 ||| READING scroll labelled YLAUS SU VUGH.
  3406 | D:4      | 3406 ||| READING 3 scrolls of identify.
  3406 | D:4      | 3406 ||| IDENTIFYING metallic clear potion
  3407 | D:4      | 3407 ||| READING 2 scrolls of identify.
  3407 | D:4      | 3407 ||| IDENTIFYING ruby potion
  3408 | D:4      | 3408 ||| DROPPING potion of degeneration.
  3409 | D:4      | 3409 ||| DROPPING potion of magic.
  3446 | D:5      | Entered Level 5 of the Dungeon
  3472 | D:5      | Reached XP level 7. HP: 46/61 MP: 6/6
  3587 | D:5      | Reached skill level 3 in Armour
  3588 | D:5      | 3588 ||| Stepping ~*~*~tactically~*~*~ (stealth).
  3599 | D:5      | 3599 ||| Stepping ~*~*~tactically~*~*~ (stealth).
  3612 | D:5      | 3612 ||| Stepping ~*~*~tactically~*~*~ (stealth).
  3748 | D:5      | Found a shimmering altar of Xom.
  3749 | D:5      | 3749 ||| Stepping ~*~*~tactically~*~*~ (hiding).
  3946 | D:5      | Found an ornate altar of the Wu Jian Council.
  3987 | D:5      | Reached skill level 10 in Axes
  4004 | D:5      | 4004 ||| Stepping ~*~*~tactically~*~*~ (hiding).
  4218 | D:5      | 4218 ||| Stepping ~*~*~tactically~*~*~ (stealth).
  4220 | D:5      | 4220 ||| Stepping ~*~*~tactically~*~*~ (stealth).
  4226 | D:5      | 4226 ||| INVOKING Berserk.
  4237 | D:5      | Reached skill level 6 in Fighting
  4380 | D:5      | Reached XP level 8. HP: 67/70 MP: 7/7
  4514 | D:5      | 4514 ||| INVOKING Berserk.
  4751 | D:5      | 4751 ||| Stepping ~*~*~tactically~*~*~ (stealth).
  4760 | D:5      | Reached skill level 11 in Axes
  4906 | D:5      | 4906 ||| UPGRADING to +4 ring of slaying {mikee}.
  4908 | D:5      | 4908 ||| DROPPING +4 ring of evasion.
  4909 | D:5      | 4909 ||| DROPPING ring of resist corrosion.
  4910 | D:5      | 4910 ||| READING scroll labelled YWUFRIA NU GIS.
  4943 | D:6      | 4943 ||| INVOKING Berserk.
  4968 | D:6      | 4968 ||| FLEEEEING.
  4973 | D:6      | Reached skill level 12 in Axes
  5006 | D:6      | 5006 ||| FLEEEEING.
  5012 | D:6      | 5012 ||| STAIRDANCE
  5153 | D:6      | 5153 ||| DROPPING +0 flail.
  5217 | D:6      | 5217 ||| INVOKING Berserk.
  5545 | D:6      | 5545 ||| INVOKING Berserk.
  5819 | D:6      | Reached XP level 9. HP: 69/79 MP: 8/8
  5928 | D:6      | 5928 ||| UPGRADING to +2 buckler.
  5933 | D:6      | 5933 ||| DROPPING ring of magical power.
  5934 | D:6      | 5934 ||| READING 2 scrolls of identify.
  5934 | D:6      | 5934 ||| IDENTIFYING smoky red potion
  5935 | D:6      | 5935 ||| READING 2 scrolls of teleportation.
  5944 | D:6      | Reached skill level 1 in Shields
  5992 | D:6      | 5992 ||| READING scroll of teleportation.
  6014 | D:6      | 6014 ||| Stepping randomly (stuck).
  6017 | D:6      | 6017 ||| Stepping randomly (stuck).
  6018 | D:6      | 6018 ||| Stepping randomly (stuck).
  6019 | D:6      | 6019 ||| Stepping randomly (stuck).
  6026 | D:6      | 6026 ||| Stepping randomly (stuck).
  6029 | D:6      | 6029 ||| Stepping randomly (stuck).
  6035 | D:6      | 6035 ||| Stepping randomly (stuck).
  6037 | D:6      | 6037 ||| Stepping randomly (stuck).
  6038 | D:6      | 6038 ||| Stepping randomly (stuck).
  6040 | D:6      | 6040 ||| Stepping randomly (stuck).
  6041 | D:6      | 6041 ||| Stepping randomly (stuck).
  6042 | D:6      | 6042 ||| Stepping randomly (stuck).
  6043 | D:6      | 6043 ||| Stepping randomly (stuck).
  6044 | D:6      | 6044 ||| Stepping randomly (stuck).
  6045 | D:6      | 6045 ||| Stepping randomly (stuck).
  6046 | D:6      | 6046 ||| Stepping randomly (stuck).
  6047 | D:6      | 6047 ||| Stepping randomly (stuck).
  6048 | D:6      | 6048 ||| Stepping randomly (stuck).
  6049 | D:6      | 6049 ||| Stepping randomly (stuck).
  6050 | D:6      | 6050 ||| Stepping randomly (stuck).
  6051 | D:6      | 6051 ||| Stepping randomly (stuck).
  6052 | D:6      | 6052 ||| Stepping randomly (stuck).
  6054 | D:6      | 6054 ||| Stepping randomly (stuck).
  6055 | D:6      | 6055 ||| Stepping randomly (stuck).
  6056 | D:6      | 6056 ||| Stepping randomly (stuck).
  6057 | D:6      | 6057 ||| Stepping randomly (stuck).
  6058 | D:6      | 6058 ||| Stepping randomly (stuck).
  6059 | D:6      | 6059 ||| Stepping randomly (stuck).
  6060 | D:6      | 6060 ||| Stepping randomly (stuck).
  6061 | D:6      | 6061 ||| Stepping randomly (stuck).
  6062 | D:6      | 6062 ||| Stepping randomly (stuck).
  6063 | D:6      | 6063 ||| Stepping randomly (stuck).
  6064 | D:6      | 6064 ||| Stepping randomly (stuck).
  6065 | D:6      | 6065 ||| Stepping randomly (stuck).
  6066 | D:6      | 6066 ||| Stepping randomly (stuck).
  6067 | D:6      | 6067 ||| Stepping randomly (stuck).
  6073 | D:6      | Reached skill level 1 in Throwing
  6073 | D:6      | 6073 ||| Stepping randomly (stuck).
  6074 | D:6      | 6074 ||| Stepping randomly (stuck).
  6075 | D:6      | 6075 ||| Stepping randomly (stuck).
  6076 | D:6      | 6076 ||| Stepping randomly (stuck).
  6077 | D:6      | 6077 ||| Stepping randomly (stuck).
  6078 | D:6      | 6078 ||| Stepping randomly (stuck).
  6080 | D:6      | 6080 ||| Stepping randomly (stuck).
  6081 | D:6      | 6081 ||| Stepping randomly (stuck).
  6082 | D:6      | 6082 ||| Stepping randomly (stuck).
  6083 | D:6      | 6083 ||| Stepping randomly (stuck).
  6084 | D:6      | 6084 ||| Stepping randomly (stuck).
  6085 | D:6      | 6085 ||| Stepping randomly (stuck).
  6086 | D:6      | 6086 ||| Stepping randomly (stuck).
  6087 | D:6      | 6087 ||| Stepping randomly (stuck).
  6088 | D:6      | 6088 ||| Stepping randomly (stuck).
  6089 | D:6      | 6089 ||| Stepping randomly (stuck).
  6090 | D:6      | 6090 ||| Stepping randomly (stuck).
  6091 | D:6      | 6091 ||| Stepping randomly (stuck).
  6092 | D:6      | 6092 ||| Stepping randomly (stuck).
  6093 | D:6      | 6093 ||| Stepping randomly (stuck).
  6094 | D:6      | 6094 ||| Stepping randomly (stuck).
  6095 | D:6      | 6095 ||| Stepping randomly (stuck).
  6096 | D:6      | 6096 ||| Stepping randomly (stuck).
  6097 | D:6      | 6097 ||| Stepping randomly (stuck).
  6098 | D:6      | 6098 ||| Stepping randomly (stuck).
  6099 | D:6      | 6099 ||| Stepping randomly (stuck).
  6100 | D:6      | 6100 ||| Stepping randomly (stuck).
  6101 | D:6      | 6101 ||| Stepping randomly (stuck).
  6102 | D:6      | 6102 ||| Stepping randomly (stuck).
  6103 | D:6      | 6103 ||| Stepping randomly (stuck).
  6104 | D:6      | 6104 ||| Stepping randomly (stuck).
  6105 | D:6      | 6105 ||| Stepping randomly (stuck).
  6106 | D:6      | 6106 ||| Stepping randomly (stuck).
  6112 | D:6      | 6112 ||| Stepping randomly (stuck).
  6113 | D:6      | 6113 ||| Stepping randomly (stuck).
  6114 | D:6      | 6114 ||| Stepping randomly (stuck).
  6115 | D:6      | 6115 ||| Stepping randomly (stuck).
  6116 | D:6      | 6116 ||| Stepping randomly (stuck).
  6117 | D:6      | 6117 ||| Stepping randomly (stuck).
  6119 | D:6      | 6119 ||| Stepping randomly (stuck).
  6120 | D:6      | 6120 ||| Stepping randomly (stuck).
  6121 | D:6      | 6121 ||| Stepping randomly (stuck).
  6123 | D:6      | 6123 ||| Stepping randomly (stuck).
  6124 | D:6      | 6124 ||| Stepping randomly (stuck).
  6125 | D:6      | 6125 ||| Stepping randomly (stuck).
  6126 | D:6      | 6126 ||| Stepping randomly (stuck).
  6127 | D:6      | 6127 ||| Stepping randomly (stuck).
  6128 | D:6      | 6128 ||| Stepping randomly (stuck).
  6129 | D:6      | 6129 ||| Stepping randomly (stuck).
  6130 | D:6      | 6130 ||| Stepping randomly (stuck).
  6131 | D:6      | 6131 ||| Stepping randomly (stuck).
  6132 | D:6      | 6132 ||| Stepping randomly (stuck).
  6133 | D:6      | 6133 ||| Stepping randomly (stuck).
  6134 | D:6      | 6134 ||| Stepping randomly (stuck).
  6146 | D:6      | Reached skill level 3 in Shields
  6150 | D:6      | 6150 ||| INVOKING Berserk.
  6352 | D:6      | Noticed a troll
  6353 | D:6      | 6353 ||| INVOKING Berserk.
  6358 | D:6      | Killed a troll
  6359 | D:6      | Reached skill level 13 in Axes
  6475 | D:6      | 6475 ||| READING scroll of enchant weapon.
  6475 | D:6      | 6475 ||| ENCHANTING +1 vorpal war axe.
  6483 | D:6      | 6483 ||| UPGRADING to +2 chain mail of willpower.
  6493 | D:6      | 6493 ||| UPGRADING to +0 cloak.
  6562 | D:7      | 6562 ||| STAIRDANCE
  6564 | D:6      | 6564 ||| INVOKING Berserk.
  6673 | D:7      | 6673 ||| STAIRDANCE
  6726 | D:7      | Identified the +1 leather armour "Ytiomuj" {Harm rN++}
  6752 | D:7      | 6752 ||| Stepping ~*~*~tactically~*~*~ (hiding).
  6766 | D:7      | Reached **** piety under Trog
  6942 | D:7      | 6942 ||| Stepping ~*~*~tactically~*~*~ (hiding).
  7117 | D:7      | Found a staircase to the Ecumenical Temple.
  7240 | D:7      | 7240 ||| Stepping ~*~*~tactically~*~*~ (stealth).
  7241 | D:7      | 7241 ||| Stepping ~*~*~tactically~*~*~ (stealth).
  7244 | D:7      | Found Jaroow's Magic Scroll Shop.
  7252 | D:7      | 7252 ||| BUYING scroll of enchant weapon (82 gold).
  7252 | D:7      | Bought a scroll of enchant weapon for 82 gold pieces
  7252 | D:7      | 7252 ||| BUYING scroll of identify (22 gold).
  7252 | D:7      | Bought a scroll of identify for 22 gold pieces
  7252 | D:7      | 7252 ||| BUYING scroll of identify (22 gold).
  7252 | D:7      | Bought a scroll of identify for 22 gold pieces
  7252 | D:7      | 7252 ||| BUYING scroll of identify (22 gold).
  7252 | D:7      | Bought a scroll of identify for 22 gold pieces
  7252 | D:7      | 7252 ||| BUYING scroll of identify (22 gold).
  7252 | D:7      | Bought a scroll of identify for 22 gold pieces
  7252 | D:7      | 7252 ||| BUYING scroll of teleportation (33 gold).
  7252 | D:7      | Bought a scroll of teleportation for 33 gold pieces
  7252 | D:7      | 7252 ||| BUYING scroll of teleportation (33 gold).
  7252 | D:7      | Bought a scroll of teleportation for 33 gold pieces
  7252 | D:7      | 7252 ||| SHOPLISTING scroll of teleportation (33 gold, have
                  | 14).
  7252 | D:7      | 7252 ||| READING scroll of enchant weapon.
  7252 | D:7      | 7252 ||| ENCHANTING +2 vorpal war axe.
  7377 | D:7      | 7377 ||| Stepping ~*~*~tactically~*~*~ (stealth).
  7380 | D:7      | Reached skill level 3 in Dodging
  7586 | D:7      | 7586 ||| Stepping ~*~*~tactically~*~*~ (stealth).
  7664 | D:7      | 7664 ||| READING 7 scrolls of identify.
  7664 | D:7      | 7664 ||| IDENTIFYING yellow potion
  7665 | D:7      | 7665 ||| READING 6 scrolls of identify.
  7665 | D:7      | 7665 ||| IDENTIFYING viscous inky potion
  7666 | D:7      | 7666 ||| READING 5 scrolls of identify.
  7666 | D:7      | 7666 ||| IDENTIFYING fizzy inky potion
  7667 | D:7      | 7667 ||| READING 4 scrolls of identify.
  7667 | D:7      | 7667 ||| IDENTIFYING coppery potion
  7668 | D:7      | 7668 ||| READING 3 scrolls of identify.
  7668 | D:7      | 7668 ||| IDENTIFYING metallic orange potion
  7669 | D:7      | 7669 ||| DROPPING potion of berserk rage.
  7670 | D:7      | 7670 ||| DROPPING potion of lignification.
  7671 | D:7      | 7671 ||| DROPPING potion of ambrosia.
  7834 | D:8      | Found Edarhila's Demolitions Depot.
  7845 | D:8      | 7845 ||| Stepping ~*~*~tactically~*~*~ (hiding).
  7850 | D:8      | 7850 ||| INVOKING Berserk.
  7962 | D:8      | 7962 ||| READING 2 scrolls of identify.
  7962 | D:8      | 7962 ||| IDENTIFYING pink potion
  7963 | D:8      | 7963 ||| READING 2 scrolls of teleportation.
  7994 | D:8      | 7994 ||| Stepping ~*~*~tactically~*~*~ (hiding).
  8000 | D:8      | 8000 ||| INVOKING Berserk.
  8025 | D:8      | 8025 ||| Stepping ~*~*~tactically~*~*~ (stealth).
  8130 | D:8      | 8130 ||| DROPPING +2 flail of protection.
  8213 | D:8      | 8213 ||| FLEEEEING.
  8214 | D:8      | 8214 ||| FLEEEEING.
  8215 | D:8      | 8215 ||| FLEEEEING.
  8216 | D:8      | 8216 ||| FLEEEEING.
  8217 | D:8      | 8217 ||| FLEEEEING.
  8218 | D:8      | 8218 ||| FLEEEEING.
  8219 | D:8      | 8219 ||| FLEEEEING.
  8220 | D:8      | 8220 ||| FLEEEEING.
  8221 | D:8      | 8221 ||| FLEEEEING.
  8222 | D:8      | 8222 ||| FLEEEEING.
  8223 | D:8      | 8223 ||| FLEEEEING.
  8224 | D:8      | 8224 ||| FLEEEEING.
  8225 | D:8      | 8225 ||| FLEEEEING.
  8226 | D:8      | 8226 ||| FLEEEEING.
  8232 | D:8      | 8232 ||| FLEEEEING.
  8233 | D:8      | 8233 ||| FLEEEEING.
  8234 | D:8      | 8234 ||| FLEEEEING.
  8235 | D:8      | 8235 ||| FLEEEEING.
  8236 | D:8      | 8236 ||| FLEEEEING.
  8237 | D:8      | 8237 ||| FLEEEEING.
  8238 | D:8      | 8238 ||| FLEEEEING.
  8239 | D:8      | 8239 ||| FLEEEEING.
  8240 | D:8      | 8240 ||| FLEEEEING.
  8241 | D:8      | 8241 ||| FLEEEEING.
  8242 | D:8      | 8242 ||| FLEEEEING.
  8243 | D:8      | 8243 ||| FLEEEEING.
  8244 | D:8      | 8244 ||| FLEEEEING.
  8245 | D:8      | 8245 ||| FLEEEEING.
  8246 | D:8      | 8246 ||| FLEEEEING.
  8252 | D:8      | 8252 ||| FLEEEEING.
  8259 | D:8      | 8259 ||| STAIRDANCE
  8355 | D:7      | 8355 ||| DROPPING +0 chain mail of cold resistance.
  8362 | D:8      | 8362 ||| STAIRDANCE
  8406 | D:8      | 8406 ||| STAIRDANCE
  8477 | D:8      | Found a glowing golden altar of the Shining One.
  8493 | D:8      | 8493 ||| Stepping ~*~*~tactically~*~*~ (hiding).
  8884 | D:8      | 8884 ||| INVOKING Berserk.
  8887 | D:8      | Reached XP level 10. HP: 88/88 MP: 9/9
  8998 | D:8      | Found a shimmering blue altar of Sif Muna.
  9000 | D:8      | 9000 ||| UPGRADING to scarf of resistance.
  9015 | D:8      | 9015 ||| UPGRADING to scarf of resistance.
  9157 | D:9      | 9157 ||| Stepping ~*~*~tactically~*~*~ (stealth).
  9244 | D:9      | 9244 ||| Stepping ~*~*~tactically~*~*~ (hiding).
  9247 | D:9      | Noticed Amaemon
  9252 | D:9      | 9252 ||| Stepping ~*~*~tactically~*~*~ (hiding).
  9254 | D:9      | Noticed an orange demon
  9255 | D:9      | 9255 ||| Stepping ~*~*~tactically~*~*~ (hiding).
  9258 | D:9      | 9258 ||| INVOKING Berserk.
  9266 | D:9      | Killed Amaemon
  9267 | D:9      | Reached skill level 14 in Axes
  9269 | D:9      | Killed an orange demon
  9278 | D:9      | Reached skill level 15 in Axes
  9482 | D:9      | 9482 ||| DROPPING +0 morningstar.
  9503 | D:9      | Reached skill level 9 in Fighting
  9573 | D:9      | 9573 ||| INVOKING Berserk.
  9613 | D:9      | 9613 ||| FLEEEEING.
  9614 | D:9      | 9614 ||| FLEEEEING.
  9615 | D:9      | 9615 ||| FLEEEEING.
  9616 | D:9      | 9616 ||| FLEEEEING.
  9617 | D:9      | 9617 ||| FLEEEEING.
  9618 | D:9      | 9618 ||| FLEEEEING.
  9619 | D:9      | 9619 ||| FLEEEEING.
  9620 | D:9      | 9620 ||| STAIRDANCE
  9726 | D:9      | 9726 ||| INVOKING Berserk.
  9750 | D:9      | 9750 ||| FLEEEEING.
  9752 | D:9      | 9752 ||| FLEEEEING.
  9753 | D:9      | 9753 ||| STAIRDANCE
  9876 | D:9      | Found an opulent altar of Gozag.
  9877 | D:9      | Found a glowing silver altar of Zin.
  9890 | D:9      | Noticed a two-headed ogre
  9891 | D:9      | Noticed a red ugly thing
  9897 | D:9      | Found a runed translucent door.
  9922 | D:9      | Found an iron altar of Okawaru.
  9953 | D:9      | Found Haelipp's Weapon Boutique.
 10092 | D:9      | Found a staircase to the Lair.
 10129 | D:9      | 10129 ||| PLANNING LAIR
 10159 | Lair:1   | Entered Level 1 of the Lair of Beasts
 10284 | Lair:1   | 10284 ||| INVOKING Berserk.
 10304 | Lair:1   | 10304 ||| DRINKING potion of cancellation.
 10681 | Lair:1   | Noticed a cane toad
 10682 | Lair:1   | Reached skill level 16 in Axes
 10686 | Lair:1   | 10686 ||| INVOKING Berserk.
 10689 | Lair:1   | Killed a cane toad
 10690 | Lair:1   | Reached skill level 6 in Shields
 11037 | Lair:1   | Reached skill level 6 in Armour
 11078 | Lair:1   | 11078 ||| INVOKING Berserk.
 11081 | Lair:1   | Reached XP level 11. HP: 97/97 MP: 10/10
 11630 | Lair:1   | 11630 ||| READING scroll labelled GIPOIR WYEQY.
 11630 | Lair:1   | Identified a scroll of acquirement
 11630 | Lair:1   | 11630 ||| ACQUIRING +5 broad axe of venom
 11630 | Lair:1   | Acquired a +5 broad axe of venom
 11632 | Lair:1   | 11632 ||| SWAPPING to +5 broad axe of venom.
 11633 | Lair:1   | 11633 ||| DROPPING +3 vorpal war axe.
 11634 | Lair:1   | 11634 ||| READING 4 scrolls of identify.
 11634 | Lair:1   | 11634 ||| IDENTIFYING fizzy ruby potion
 11635 | Lair:1   | 11635 ||| DROPPING potion of invisibility.
 11756 | Lair:2   | 11756 ||| DRINKING potion of resistance.
 11757 | Lair:2   | Found a staircase to the Swamp.
 11781 | Lair:2   | 11781 ||| INVOKING Berserk.
 11872 | Lair:2   | 11872 ||| Stepping ~*~*~tactically~*~*~ (hiding).
 11879 | Lair:2   | 11879 ||| Stepping ~*~*~tactically~*~*~ (hiding).
 11886 | Lair:2   | Reached skill level 3 in Throwing
 12212 | Lair:2   | 12212 ||| INVOKING Berserk.
 12291 | Lair:2   | 12291 ||| INVOKING Berserk.
 12480 | Lair:2   | 12480 ||| Stepping ~*~*~tactically~*~*~ (stealth).
 12487 | Lair:2   | Reached skill level 17 in Axes
 12498 | Lair:2   | 12498 ||| Stepping ~*~*~tactically~*~*~ (stealth).
 12505 | Lair:2   | 12505 ||| INVOKING Berserk.
 12722 | Lair:2   | 12722 ||| INVOKING Berserk.
 12930 | Lair:2   | Noticed a six-headed hydra
 12931 | Lair:2   | 12931 ||| INVOKING Brothers in Arms.
 12932 | Lair:2   | 12932 ||| INVOKING Brothers in Arms.
 12934 | Lair:2   | 12934 ||| SWAPPING to +0 demon whip of venom.
 12935 | Lair:2   | 12935 ||| INVOKING Brothers in Arms.
 12936 | Lair:2   | 12936 ||| INVOKING Brothers in Arms.
 12937 | Lair:2   | 12937 ||| INVOKING Berserk.
 12940 | Lair:2   | Killed a six-headed hydra
 12997 | Lair:2   | 12997 ||| SWAPPING to +5 broad axe of venom.
 13026 | Lair:2   | 13026 ||| Stepping ~*~*~tactically~*~*~ (hiding).
 13191 | Lair:2   | Found a staircase to the Snake Pit.
 13251 | Lair:2   | 13251 ||| INVOKING Berserk.
 13386 | Lair:2   | 13386 ||| DROPPING ring of protection from cold.
 13412 | Lair:3   | Noticed a catoblepas
 13416 | Lair:3   | 13416 ||| Stepping ~*~*~tactically~*~*~ (cloud).
 13417 | Lair:3   | 13417 ||| INVOKING Berserk.
 13421 | Lair:3   | Killed a catoblepas
 13697 | Lair:3   | Noticed a seven-headed hydra
 13698 | Lair:3   | 13698 ||| FLEEEEING.
 13699 | Lair:3   | 13699 ||| FLEEEEING.
 13700 | Lair:3   | 13700 ||| FLEEEEING.
 13701 | Lair:3   | 13701 ||| SWAPPING to +0 demon whip of venom.
 13702 | Lair:3   | 13702 ||| INVOKING Berserk.
 13706 | Lair:3   | Killed a seven-headed hydra
 13716 | Lair:3   | 13716 ||| SWAPPING to +5 broad axe of venom.
 13719 | Lair:3   | Reached skill level 18 in Axes
 14056 | Lair:3   | 14056 ||| Stepping ~*~*~tactically~*~*~ (hiding).
 14417 | Lair:3   | 14417 ||| READING 4 scrolls labelled IFAPRI CAFU.
 14480 | Lair:4   | 14480 ||| Stepping ~*~*~tactically~*~*~ (stealth).
 14493 | Lair:4   | Reached XP level 12. HP: 102/106 MP: 11/11
 14545 | Lair:4   | 14545 ||| INVOKING Berserk.
 14554 | Lair:4   | HP: 40/162 [poisoned by a killer bee]
 14559 | Lair:4   | HP: 34/162 [poisoned by a killer bee]
 14564 | Lair:4   | HP: 27/165 [poisoned by a killer bee]
 14569 | Lair:4   | HP: 24/165 [poisoned by a killer bee]
 14970 | Lair:4   | 14970 ||| Stepping ~*~*~tactically~*~*~ (stealth).
 14972 | Lair:4   | 14972 ||| INVOKING Berserk.
 15055 | Lair:4   | 15055 ||| Stepping ~*~*~tactically~*~*~ (stealth).
 15111 | Lair:4   | 15111 ||| Stepping ~*~*~tactically~*~*~ (stealth).
 15112 | Lair:4   | 15112 ||| Stepping ~*~*~tactically~*~*~ (stealth).
 15122 | Lair:4   | 15122 ||| Stepping ~*~*~tactically~*~*~ (stealth).
 15171 | Lair:4   | 15171 ||| INVOKING Berserk.
 15435 | Lair:4   | Noticed an eight-headed hydra
 15437 | Lair:4   | 15437 ||| INVOKING Brothers in Arms.
 15439 | Lair:4   | 15439 ||| INVOKING Brothers in Arms.
 15440 | Lair:4   | 15440 ||| SWAPPING to +0 demon whip of venom.
 15441 | Lair:4   | 15441 ||| INVOKING Berserk.
 15448 | Lair:4   | Killed an eight-headed hydra
 15449 | Lair:4   | Reached skill level 12 in Fighting
 15574 | Lair:4   | 15574 ||| SWAPPING to +5 broad axe of venom.
 15751 | Lair:4   | Noticed a five-headed hydra
 15752 | Lair:4   | 15752 ||| INVOKING Brothers in Arms.
 15753 | Lair:4   | 15753 ||| INVOKING Brothers in Arms.
 15754 | Lair:4   | 15754 ||| INVOKING Brothers in Arms.
 15755 | Lair:4   | 15755 ||| INVOKING Brothers in Arms.
 15756 | Lair:4   | 15756 ||| INVOKING Brothers in Arms.
 15757 | Lair:4   | 15757 ||| INVOKING Brothers in Arms.
 15758 | Lair:4   | 15758 ||| INVOKING Brothers in Arms.
 15759 | Lair:4   | 15759 ||| INVOKING Brothers in Arms.
 15760 | Lair:4   | 15760 ||| INVOKING Brothers in Arms.
 15761 | Lair:4   | 15761 ||| INVOKING Brothers in Arms.
 15762 | Lair:4   | 15762 ||| INVOKING Brothers in Arms.
 15763 | Lair:4   | 15763 ||| INVOKING Brothers in Arms.
 15764 | Lair:4   | 15764 ||| INVOKING Brothers in Arms.
 15765 | Lair:4   | 15765 ||| INVOKING Brothers in Arms.
 15766 | Lair:4   | 15766 ||| SWAPPING to +0 demon whip of venom.
 15767 | Lair:4   | 15767 ||| INVOKING Berserk.
 15768 | Lair:4   | Killed a five-headed hydra
 16010 | Lair:4   | 16010 ||| SWAPPING to +5 broad axe of venom.
 16019 | Lair:4   | 16019 ||| READING scroll of brand weapon.
 16019 | Lair:4   | 16019 ||| BRANDING +5 broad axe of venom.
 16166 | Lair:4   | 16166 ||| READING scroll labelled EZY XIRONK.
 16174 | Lair:5   | Entered Level 5 of the Lair of Beasts
 16177 | Lair:5   | Noticed a six-headed hydra
 16178 | Lair:5   | 16178 ||| SWAPPING to +0 demon whip of venom.
 16179 | Lair:5   | 16179 ||| INVOKING Berserk.
 16185 | Lair:5   | Killed a six-headed hydra
 16186 | Lair:5   | Reached skill level 6 in Throwing
 16234 | Lair:5   | 16234 ||| SWAPPING to +5 spectral broad axe.
 16254 | Lair:5   | 16254 ||| INVOKING Berserk.
 16300 | Lair:5   | 16300 ||| Stepping ~*~*~tactically~*~*~ (hiding).
 16305 | Lair:5   | 16305 ||| INVOKING Berserk.
 16329 | Lair:5   | 16329 ||| Stepping ~*~*~tactically~*~*~ (stealth).
 16331 | Lair:5   | 16331 ||| Stepping ~*~*~tactically~*~*~ (stealth).
 16380 | Lair:5   | 16380 ||| Stepping ~*~*~tactically~*~*~ (stealth).
 16384 | Lair:5   | 16384 ||| Stepping ~*~*~tactically~*~*~ (stealth).
 16387 | Lair:5   | 16387 ||| INVOKING Berserk.
 16402 | Lair:5   | 16402 ||| Stepping ~*~*~tactically~*~*~ (stealth).
 16427 | Lair:5   | 16427 ||| FLEEEEING.
 16428 | Lair:5   | 16428 ||| FLEEEEING.
 16429 | Lair:5   | 16429 ||| FLEEEEING.
 16430 | Lair:5   | 16430 ||| FLEEEEING.
 16431 | Lair:5   | 16431 ||| FLEEEEING.
 16432 | Lair:5   | 16432 ||| FLEEEEING.
 16433 | Lair:5   | 16433 ||| FLEEEEING.
 16434 | Lair:5   | 16434 ||| FLEEEEING.
 16435 | Lair:5   | 16435 ||| FLEEEEING.
 16437 | Lair:5   | 16437 ||| FLEEEEING.
 16438 | Lair:5   | 16438 ||| FLEEEEING.
 16439 | Lair:5   | 16439 ||| FLEEEEING.
 16440 | Lair:5   | 16440 ||| FLEEEEING.
 16441 | Lair:5   | 16441 ||| STAIRDANCE
 16585 | Lair:5   | 16585 ||| Stepping ~*~*~tactically~*~*~ (stealth).
 16586 | Lair:5   | 16586 ||| Stepping ~*~*~tactically~*~*~ (stealth).
 16592 | Lair:5   | 16592 ||| Stepping ~*~*~tactically~*~*~ (stealth).
 16593 | Lair:5   | 16593 ||| Stepping ~*~*~tactically~*~*~ (stealth).
 16600 | Lair:5   | 16600 ||| Stepping ~*~*~tactically~*~*~ (stealth).
 16622 | Lair:5   | 16622 ||| Stepping ~*~*~tactically~*~*~ (water).
 16639 | Lair:5   | 16639 ||| Stepping ~*~*~tactically~*~*~ (stealth).
 16679 | Lair:5   | 16679 ||| Stepping ~*~*~tactically~*~*~ (water).
 16680 | Lair:5   | 16680 ||| INVOKING Berserk.
 16741 | Lair:5   | 16741 ||| INVOKING Berserk.
 16761 | Lair:5   | HP: 23/113 [wind drake/the air (8)]
 16762 | Lair:5   | 16762 ||| READING 5 scrolls of teleportation.
 16763 | Lair:5   | 16763 ||| DRINKING potion of heal wounds.
 16766 | Lair:5   | 16766 ||| READING 4 scrolls of teleportation.
 16770 | Lair:5   | Noticed a merfolk avatar
 16771 | Lair:5   | 16771 ||| READING 3 scrolls of teleportation.
 16774 | Lair:5   | HP: 20/113 [elephant (3)]
 16776 | Lair:5   | 16776 ||| Stepping ~*~*~tactically~*~*~ (stealth).
 16780 | Lair:5   | 16780 ||| READING 2 scrolls of teleportation.
 16781 | Lair:5   | 16781 ||| Stepping ~*~*~tactically~*~*~ (stealth).
 16807 | Lair:5   | HP: 12/113 [manticore/volley of spikes (17)]
 16808 | Lair:5   | 16808 ||| READING scroll of teleportation.
 16809 | Lair:5   | HP: 5/113 [barbs]
 16810 | Lair:5   | 16810 ||| INVOKING Berserk.
 16815 | Lair:5   | Succumbed to barbed spike wounds

Levels and vault maps discovered:
D:1:      amcnicky_arrival_choice, layout_basic,
          shapermc_ecumenical_altar_mp_urbaneastern
D:2:      layout_rooms, serial_bayou_ford_a, kennysheep_generic_room_4,
          uniq_jessica
D:3:      layout_loops_ring, mainiacjoe_overflow_paths, lemuel_doored_altar
D:4:      cheibrodos_fertilizer, layout_rooms, trog_three_pillars_becter,
          mainiacjoe_overflow_alcove_1, mainiacjoe_overflow_alcove_2,
          serial_shops, shop, uniq_grinder
D:5:      layout_loops_corners, led_xom_imps, mainiacjoe_overflow_catwalk,
          minmay_misc_feat_encased, nrook_uturn, st_stairs_1
D:6:      kennysheep_windowed_halls, layout_basic
D:7:      layout_basic, temple_green, serial_shops, nicolae_stop_n_shop_1
D:8:      layout_loops_ring, lemuel_crystal_altar, kennysheep_orc_sif_temple,
          nicolae_blasting_shop
D:9:      layout_rooms, grunt_temple_overflow_gold_and_silver,
          okawaru_metal_pillars_3, lair_entry_dummy, serial_shops,
          nicolae_shop_hallway_plus, enter_bailey_3, minmay_st_funbox,
          kennysheep_big_empty_room, uniq_amaemon
Lair:1:   layout_layer_cave, disabler_island, lemuel_fruit_tree
Lair:2:   layout_regular_city, minmay_swamp_entry_reptiles,
          minmay_snake_entry_guardpost_medium
Lair:3:   layout_regular_city, lemuel_fruit_fields
Lair:4:   layout_roguey [special_room_bee]
Lair:5:   gammafunk_lair_ancient_temple, layout_loops_ring,
          dpeg_slime_entry_enclosed

Skill      XL: |  1  2  3  4  5  6  7  8  9 10 11 12 |
---------------+-------------------------------------+-----
Axes           | 4 5 6 7 9 10 12 13 16 18 | 18.0
Fighting       | 4 5 6 7 8 9 10 12 | 12.9
Armour         | 3 4 5 6 8 |  8.0
Shields        | 5 6 7 8 |  8.0
Throwing       | 2 4 7 |  7.1
Dodging        | 3 4 5 |  5.1

Action                   |  1- 3 |  4- 6 |  7- 9 | 10-12 || total
-------------------------+-------+-------+-------+-------++-------
Melee: Hand axe          |    85 |    34 |       |       ||   119
       Headbutt          |     9 |    13 |    21 |    58 ||   101
       War axe           |       |    70 |   200 |    91 ||   361
       Punch             |       |     2 |       |       ||     2
       Broad axe         |       |       |       |   214 ||   214
       Demon whip        |       |       |       |    26 ||    26
Throw: Boomerang         |       |       |    31 |    39 ||    70
       Javelin           |       |       |       |    42 ||    42
Invok: Berserk           |     1 |     4 |    11 |    27 ||    43
       Trog's Hand       |       |     1 |       |       ||     1
       Brothers in Arms  |       |       |       |     4 ||     4
  Use: Scroll            |     5 |     9 |    13 |    10 ||    37
       Potion            |     1 |     3 |       |     3 ||     7
 Stab: Invisible         |       |       |     1 |       ||     1
       Distracted        |       |       |       |     1 ||     1
Armor: Animal skin       |     7 |       |       |       ||     7
       Chain mail        |    16 |    57 |    91 |   166 ||   330
Dodge: Dodged            |    30 |    25 |    55 |   113 ||   223
Block: Buckler           |       |       |    21 |    96 ||   117

Table legend:
 A = Non-vault XP
 B = Vault XP
 C = Vault XP percentage of total XP
 D = Non-vault monster count
 E = Vault monster count
 F = Vault count percentage of total count
                 A         B        C        D         E       F
            +---------+---------+-------+---------+---------+-------
      Total |   26530 |   10888 |  29.1 |     244 |     106 |  30.3
            +---------+---------+-------+---------+---------+-------
        D:1 |      34 |       0 |   0.0 |      21 |       0 |   0.0
        D:2 |      21 |      41 |  66.1 |      11 |       3 |  21.4
        D:3 |      65 |       0 |   0.0 |      20 |       0 |   0.0
        D:4 |     154 |     396 |  72.0 |      16 |      17 |  51.5
        D:5 |     852 |     254 |  23.0 |      17 |       6 |  26.1
        D:6 |    1128 |    1322 |  54.0 |      28 |      20 |  41.7
        D:7 |     923 |       0 |   0.0 |      16 |       0 |   0.0
        D:8 |     281 |     236 |  45.6 |      10 |       4 |  28.6
        D:9 |    1762 |    1159 |  39.7 |      25 |       6 |  19.4
     Lair:1 |    2510 |     155 |   5.8 |      13 |       3 |  18.8
     Lair:2 |    4922 |    1169 |  19.2 |      20 |       9 |  31.0
     Lair:3 |    3932 |       0 |   0.0 |      12 |       0 |   0.0
     Lair:4 |    6266 |    2569 |  29.1 |      25 |      26 |  51.0
     Lair:5 |    3680 |    3587 |  49.4 |      10 |      12 |  54.5
            +---------+---------+-------+---------+---------+-------
